Cogmind - Beta 17 @@@ ROGUE MODE // 2026.07.04 @ 13:09:09 Player: President Manblast Result: Destroyed by 1S-PVX(R) with Subdweller Laser Performance ------------- Evolutions (0) 0 Regions Visited (2) 400 Robots Destroyed (31) 155 Value Destroyed (592) 592 Prototype IDs (0) 0 Alien Tech Used (0) 0 Bonus (0) 0 TOTAL SCORE: 1147 Bonus ------- None Cogmind --------- Core Integrity 0/250 Matter 215/300 Energy 248/250 System Corruption 0% Temperature Cool (6) Movement Treading (240) Ox1 Location -10/Subcaves Parts ------- > --- POWER (1) -------- Ion Engine > --- PROPULSION (2) --- Light Treads Light Treads > --- UTILITY (2) ------ High-capacity Storage Unit Propulsion Shielding > --- WEAPON (2) ------- Medium Laser Light Cannon > --- INVENTORY (20) --- Light Ion Engine Light Treads Light Treads Wheel Compact Wheel Large Battery (200) Structural Scanner Visual Processing Unit Subdweller Optics Seismic Detector Transport Network Coupler Propulsion Shielding Tractor Beam Medium Laser Small Laser Light Cannon Datajack Mining Laser Peak State ------------ > --- POWER ------------ Ion Engine > --- PROPULSION ------- Light Treads Compact Wheel > --- UTILITY ---------- High-capacity Storage Unit Seismic Detector > --- WEAPON ----------- Medium Laser Small Laser > --- INVENTORY -------- Light Ion Engine Light Treads Light Treads Light Treads Light Treads Compact Wheel Large Battery Structural Scanner Structural Scanner Visual Processing Unit Transport Network Coupler Tractor Beam Medium Laser Medium Laser Medium Laser Light Cannon Light Cannon Grenade Launcher Datajack [Rating: 9] Favorites ----------- Power Ion Engine Engine Ion Engine Propulsion Light Treads Treads Light Treads Wheel Compact Wheel Utility Seismic Detector Device Seismic Detector Storage High-capacity Storage Unit Protection Propulsion Shielding Weapon Medium Laser Energy Gun Medium Laser Ballistic Cannon Light Cannon Launcher Grenade Launcher Build | -11 -10 -10 ------- Run | Yrd Mat Sub Slots Evolved . | . . . Power . | . . . Propulsion . | . . . Utility . | . . . Weapon . | . . . Parts Attached 20 | 7 9 4 Power 2 | 1 1 . Engine 2 | 1 1 . Core . | . . . Reactor . | . . . Propulsion 5 | 2 3 . Treads 4 | 2 2 . Leg . | . . . Wheel 1 | . 1 . Hover . | . . . Flight . | . . . Utility 6 | 2 3 1 Device 2 | 1 1 . Storage 2 | 1 1 . Processor . | . . . Hackware . | . . . Protection 2 | . 1 1 Artifact . | . . . Weapon 7 | 2 2 3 Energy Gun 5 | 2 2 1 Energy Cannon . | . . . Ballistic Gun . | . . . Ballistic Cannon 1 | . . 1 Launcher 1 | . . 1 Special Weapon . | . . . Impact Weapon . | . . . Slashing Weapon . | . . . Piercing Weapon . | . . . Special Melee Weapon . | . . . Unidentified Prototypes . | . . . Parts Lost 3 | . . 3 Power . | . . . Propulsion . | . . . Utility . | . . . Weapon 3 | . . 3 Highest Loss Streak 2 | . . 2 To Critical Strikes . | . . . Average Backups 14 | 4 14 19 Power . | . 1 1 Propulsion 3 | 2 3 4 Utility 4 | . 4 7 Weapon 4 | . 5 6 Tool/Special . | . . . Unused Backups 19 | . 5 14 Power 1 | . . 1 Propulsion 6 | . 2 4 Utility 8 | . 2 6 Weapon 3 | . 1 2 Tool/Special 1 | . . 1 Average Slot Usage (%) 99 | . 99 99 Engine 14 | . 14 14 Treads 22 | . 22 28 Wheel 4 | . 5 . Device 13 | . 14 10 Storage 14 | . 14 14 Energy Gun 27 | . 28 24 Peak Build Rating 9 | 7 9 9 Average Rating 8 | 5 8 8 On Entrance 5 | . 7 9 Avg Prop Armor Cover (%) 14 | . 14 . Naked Turns . | . . . Heaviest Build 51 | 14 50 51 Greatest Support 40 | 40 40 40 Greatest Overweight (x) 3 | . 3 1 Average Overweight (x) 1 | . 1 1 Largest Inventory Capacity 20 | 8 20 20 Average Capacity 17 | 7 18 20 Most Carried 20 | 6 20 20 Average Carried 14 | 4 14 19 Final Capacity 20 | 8 20 20 Final Carried 20 | 6 20 18 Class Distribution -------------------- 76% | Mutant 23% | Scavenger-Mutant Dominant Class ---------------- Mutant | -10/Materials Scavenger-Mutant | -10/Subcaves Resources | -11 -10 -10 ----------- Run | Yrd Mat Sub Matter Collected 494 | 230 198 66 Remotely . | . . . Salvage Created 905 | 10 735 160 Parts 65 | 3 47 15 Haulers Intercepted 2 | . 2 . Recyclers Shooed 2 | . 2 . Parts Field Recycled . | . . . Retrieved Matter . | . . . Parts Self-Destructed 6 | . . 6 Prevented . | . . . Parts Restored . | . . . Kills | -11 -10 -10 ------- Run | Yrd Mat Sub Combat Hostiles Destroyed 22 | . 16 6 Guns 18 | . 16 2 Cannons 1 | . . 1 AOE 3 | . . 3 Classes Destroyed 9 | 1 6 2 Tunneler 3 | 1 2 . Hauler 2 | . 2 . Recycler 1 | . 1 . Operator 1 | . 1 . Watcher 2 | . 2 . Swarmer 11 | . 9 2 Grunt 7 | . 7 . Sentry 1 | . . 1 Subdweller 3 | . . 3 Best Kill Streak 4 | 1 4 3 Combat Bots Only 4 | . 4 3 Max Kills in Single Turn 3 | 1 2 3 Gunslinging 1 | . 1 . Exploded 3 | . . 3 Melee . | . . . Uniques/NPCs Destroyed . | . . . Combat | -11 -10 -10 -------- Run | Yrd Mat Sub Hostile Shots Fired 127 | . 76 51 Missed 36 | . 22 14 Hits 91 | . 54 37 Projectile 91 | . 54 37 Critical Strikes 1 | . 1 . Damage Taken 1256 | . 550 706 Core 260 | . 118 142 Absorbed by Shields . | . . . Redirected to Shielding 47 | . . 47 Regen/Repaired (Parts) 42 | . 42 . Core Remaining (%) 100 | 100 . . Volleys Fired 94 | 12 68 14 Largest 2 | 2 2 2 Hottest 100 | 90 90 100 Shots Fired 185 | 24 134 27 Gun 177 | 24 134 19 Cannon 4 | . . 4 Launcher 4 | . . 4 Special . | . . . Kinetic 4 | . . 4 Thermal 177 | 24 134 19 Explosive 4 | . . 4 Electromagnetic . | . . . Robot Hit Streak 13 | 9 8 13 Robot Miss Streak 4 | 2 4 1 Penetration Max . | . . . Secondary Targets 4 | . 4 . Max Gunslinging Chain 1 | . 1 . Shots Hit Robots 116 | 17 81 18 Core Hits 50 | 2 38 10 Critical Kills . | . . . Critical Parts Destroyed . | . . . Critical Strikes 12 | 1 8 3 Burn 12 | 1 8 3 Melee Attacks . | . . . Impact . | . . . Slashing . | . . . Piercing . | . . . Sneak Attacks . | . . . Combat Hostiles . | . . . Follow-up Attacks . | . . . Damage Inflicted 1647 | 198 987 462 Guns 1372 | 198 987 187 Cannons 50 | . . 50 Explosions 225 | . . 225 Melee . | . . . Ramming . | . . . Kinetic 50 | . . 50 Thermal 1372 | 198 987 187 Explosive 225 | . . 225 Electromagnetic . | . . . Impact . | . . . Slashing . | . . . Piercing . | . . . Highest Corruption . | . . . Average Corruption . | . . . Corruption Purged . | . . . Corruption Blocked . | . . . Overload Shots . | . . . Overflow Damage . | . . . Projectiles . | . . . Explosions . | . . . Melee . | . . . Knockbacks 1 | . . 1 Impact . | . . . Kinetic 1 | . . 1 Secondary . | . . . Self-Inflicted Damage . | . . . Shots . | . . . Rammed . | . . . Targets Rammed . | . . . Kicked . | . . . Crushed . | . . . Highest Temperature 257 | 210 257 . Average Temperature 84 | 94 82 . Received Heat Transfer 339 | . 237 102 Effects 1 | . 1 . Interference 1 | . 1 . Siege Activations . | . . . Martial Activations . | . . . Shielding Activations . | . . . Robots Disrupted . | . . . Combat Hostiles . | . . . Robots Corrupted . | . . . Combat Hostiles . | . . . Parts Fried . | . . . Impact Corruptions . | . . . Robots Melted . | . . . Combat Hostiles . | . . . Parts Melted 7 | . 7 . Heat Transferred 4629 | 595 3257 777 Parts Sabotaged . | . . . Parts Stolen . | . . . Parts Stripped . | . . . Power Chain Reactions . | . . . Alert | -11 -10 -10 ------- Run | Yrd Mat Sub Maximum Alert Level . | . . . Low Security (%) 100 | 100 100 . Level 1 . | . . . Level 2 . | . . . Level 3 . | . . . Level 4 . | . . . Level 5 . | . . . High Security . | . . . Max Security . | . . . Peak Influence 128 | 5 128 . Initial . | . . . Average 42 | . 45 . Influence Increases 532 | 5 467 60 Destroy 0b10 Robot/C 380 | . 320 60 Destroy 0b10 Robot/NC 45 | 5 40 . Destroy Leader 68 | . 68 . Successful Hack 24 | . 24 . Lose Combat Pursuer 15 | . 15 . Influence Decreases 532 | 5 450 77 Entered New Map 9 | . . 9 Time Decay 513 | 5 450 58 Lost Part 10 | . . 10 Squads Dispatched 3 | . 3 . Investigation 2 | . 2 . Extermination . | . . . Reinforcement 1 | . 1 . Assault . | . . . Garrison . | . . . Intercept . | . . . Searches Triggered . | . . . Construction Impeded . | . . . Haulers Reinforced . | . . . Active Scanning Responses . | . . . Cargo Convoy Interrupts . | . . . Stealth | -11 -10 -10 --------- Run | Yrd Mat Sub Distress Signals . | . . . Communications Jammed . | . . . Distress Signals . | . . . Times Spotted 34 | . 26 8 Peak Tracking Total 4 | . 4 4 Tactical Retreats 1 | . 1 . Traps | -11 -10 -10 ------- Run | Yrd Mat Sub Traps Triggered 2 | . 2 . Indirectly . | . . . Trap Hack Attempts . | . . . Triggered . | . . . Disarmed . | . . . Reprogrammed . | . . . Reused . | . . . Traps Extracted . | . . . Installed . | . . . Triggered . | . . . Machines | -11 -10 -10 ---------- Run | Yrd Mat Sub Machines Disabled . | . . . Max in Single Turn . | . . . Machines Repaired . | . . . Machines Dismantled . | . . . Machines Sabotaged . | . . . Overloaded Fab Kills . | . . . Hacking | -11 -10 -10 --------- Run | Yrd Mat Sub Machines Accessed 8 | . 8 . Terminals 6 | . 6 . Fabricators . | . . . Repair Stations 1 | . 1 . Recycling Units 1 | . 1 . Scanalyzers . | . . . Garrison Access . | . . . Total Hacks 14 | . 14 . Successful 8 | . 8 . Failed 6 | . 6 . Catastrophic 1 | . 1 . Database Lockouts . | . . . Manual 4 | . 4 . Terminals 10 | . 10 . Fabricators . | . . . Repair Stations 2 | . 2 . Recycling Units 2 | . 2 . Scanalyzers . | . . . Garrison Access . | . . . Terminal Hacks 3 | . 3 . Robot Analysis 1 | . 1 . Locate Traps 2 | . 2 . Fabricator Hacks . | . . . Repair Station Hacks 2 | . 2 . Scan Component 1 | . 1 . Repair 1 | . 1 . Recycling Unit Hacks . | . . . Scanalyzer . | . . . Garrison Access Hacks . | . . . Unauthorized Hacks 3 | . 3 . Terminals 3 | . 3 . Botnet 3 | . 3 . Fabricators . | . . . Repair Stations . | . . . Recycling Units . | . . . Scanalyzers . | . . . Garrison Access . | . . . Data Cores Recovered 1 | . 1 . Used . | . . . Hacking Detections 8 | . 8 . Full Trace Events . | . . . Feedback Events . | . . . Feedback Blocked . | . . . Robot Schematics Acquired . | . . . Robots Built . | . . . Authchips . | . . . Time . | . . . Total Robot Build Rating . | . . . Part Schematics Acquired . | . . . Parts Built . | . . . Authchips . | . . . Time . | . . . Total Part Build Rating . | . . . Part Studies Acquired . | . . . Parts Repaired 1 | . 1 . Time 26 | . 26 . Parts Recycled . | . . . Recycled Matter . | . . . Retrieved Matter . | . . . Retrieved Components . | . . . Parts Scanalyzed . | . . . Part Schematics Acquired . | . . . Parts Damaged . | . . . Bothacking | -11 -10 -10 ------------ Run | Yrd Mat Sub Used RIF Installer . | . . . Robots Hacked . | . . . Non-combat . | . . . Combat . | . . . Robot Hacks Applied . | . . . Relay Couplers Released . | . . . Fabnet Peak Effective % . | . . . Robots Rewired . | . . . Allies Hacked . | . . . Hacks Repelled . | . . . Allies | -11 -10 -10 -------- Run | Yrd Mat Sub Total Allies . | . . . Largest Group . | . . . Highest-Rated Group . | . . . Highest-Rated Ally . | . . . Total Orders . | . . . Ally Attacks . | . . . Total Damage . | . . . Kills . | . . . Allies Corrupted . | . . . Allies Melted . | . . . Intel | -11 -10 -10 ------- Run | Yrd Mat Sub Active Infowar (turns) 1964 | 34 1720 210 Seismic 1964 | 34 1720 210 Robot Analysis Total 1 | . 1 . Derelict Logs Recovered 1 | . . 1 Drone Launches . | . . . Drone Recoveries . | . . . Exploration | -11 -10 -10 ------------- Run | Yrd Mat Sub Turns Passed 2112 | 122 1744 246 Spaces Moved 921 | 46 796 79 Core 3 | 3 . . Treads 498 | 43 376 79 Legs . | . . . Wheels 420 | . 420 . Hover . | . . . Flight . | . . . Fastest Speed 50 | 50 145 240 Average Speed 181 | 152 176 240 Slowest Speed 240 | 160 240 240 Overloaded Moves . | . . . Propulsion Burnouts . | . . . Robots Hopped . | . . . Potential Cave-ins . | . . . Cave-ins Triggered . | . . . Exploration Rate (%) 35 | 4 91 10 Regions Visited 2 Branch Regions 1 Pre-discovered Areas . | . . . Known Exits Taken . | . . . Unknown Exits Taken 2 | 1 1 . Scrap Searched . | . . . Spaces Dug . | . . . Terrain Destroyed 14 | . . 14 Melee . | . . . Projectile . | . . . AOE 14 | . . 14 Terrain Rammed . | . . . Walls Destroyed . | . . . Machines Disabled . | . . . Actions | -11 -10 -10 --------- Run | Yrd Mat Sub Total 1177 | 70 1000 107 Wait 95 | . 90 5 Move 919 | 45 795 79 Hop . | . . . Pick Up 28 | 6 21 1 Fast Attach 8 | 7 1 . Attach 3 | . . 3 Detach . | . . . Swap 19 | . 14 5 Drop 11 | . 11 . Fire 94 | 12 68 14 Melee . | . . . Ram . | . . . Kick . | . . . Crush . | . . . Escape Stasis . | . . . Rewire . | . . . Trap . | . . . Miscellaneous . | . . . Route ------- -11/Scrapyard -10/Materials (discovered 6 exits: [*Mat x3] / [*Min x2] / [*Sub]) -10/Subcaves History --------- Turn | Location | Event 2 | -11/Scrapyard | Met Revision 17 13 | -11/Scrapyard | Discovered new exit (range 15) 123 | -11/Scrapyard | Entered Materials 300 | -10/Materials | Build established: Mutant 495 | -10/Materials | Discovered new exit (range 16) 863 | -10/Materials | Discovered new exit (range 6) 940 | -10/Materials | Discovered new exit (range 15) 997 | -10/Materials | Discovered new exit (range 6) 1082 | -10/Materials | Discovered new exit (range 14) 1493 | -10/Materials | Repaired Lgt. Treads 1836 | -10/Materials | Discovered new exit (range 11) 1867 | -10/Materials | Entered Subcaves 1867 | -10/Subcaves | Learned Materials terminal intel 1868 | -10/Subcaves | Approached by a straggling Scientist 1884 | -10/Subcaves | Core integrity fell below 50% 1911 | -10/Subcaves | Build established: Scavenger-Mutant 2077 | -10/Subcaves | A Subdweller sparked back to life 2077 | -10/Subcaves | A Subdweller sparked back to life 2077 | -10/Subcaves | A Subdweller sparked back to life 2103 | -10/Subcaves | Core integrity fell below 20% 2113 | -10/Subcaves | Destroyed by 1S-PVX(R) with Subdweller Laser Last Messages --------------- 01951_ Acquired 12 matter. H4-PVH(c): "I think it's somewhere southeast of here" H4-PVH(c): "I think it's somewhere south of here" 02077_ 1S-PVX(R) creaks and sparks as it begins to move. 02077_ X2-4JW(R) creaks and sparks as it begins to move. 02077_ YB-DAI(R) creaks and sparks as it begins to move. 02087_ Med. Laser destroyed. 02093_ X2-4JW(R) suffers critical hit (Burn). 02099_ Med. Laser destroyed. 02103_ X2-4JW(R) suffers critical hit (Burn). 02103_ X2-4JW(R) overheating. 02104_ X2-4JW(R) heat damages Sub. Laser. 02106_ X2-4JW(R) knocked back. 02109_ X2-4JW(R) destroyed. 02112_ YB-DAI(R) destroyed. Map ----- +----------------------------------------------------+ | ?????????????????????????????????????????????????? | | ?????????????????????????????????????????????????? | | ?????????????????????????????????????????????????? | | ?????????????????????????????????????????????????? | | ?????????????????????????????????????????????????? | | ?????????????????????????????????????????????????? | | ?????????????????????????????????????????????????? | | ?????????????????????????????????????????????????? | | ?????????????????????????????????????????????????? | | ?????????????????????????????????????????????????? | | ?????????????????????????????????????????????????? | | ?????????????????????????????????????????????????? | | ??????????????????? #???????????????????????????? | | ??????????????????? %???????????????????????????? | | ??????????????###?# ##??????????????????????????? | | ??????????????# ## #?? #?????????????????????? | | ??????????????# # ?? ?????????????????????? | | ? ??????????## ### ????????????????????? | | ?# ????##???# # ?????###????????????? | | ?# #### ??## ????? " #????????????? | | ?## ?????? " ?????????????? | | ## #??????? ?#????????????? | | ? #??????&"" #????????????? | | ??# ##???? " "#????????????? | | #??# ##?? # ##???????????? | | ?## #?# @### #???????????? | | ## #?# ! & #???????????? | | ###!%RR%& ## #???????????? | | &! &= ##?????????????????? | | ## #??????????????????? | | # #### #??????????????????? | | ## #??? #??????????????????? | | ?#### # #???# #??????????????????? | | ????# # #????##??????????????????? | | ????#### #### ## ##???????????????????????? | | ??????## ###??# # ##??????????????????????? | | ??##??# ##??#### ####???????????????????? | | ?## ??# ####?## #???????????????????? | | ## #?### ### ## #??????????????????? | | # ?##### ## ##?# #??????????????????? | | ## ## # #####??? ##??????????????????? | | ## #??????? #???????????????????? | | #?# #????????#???????????????????? | | ## #?? ##????????????????????????????? | | ## #####??? ????????????????????????????? | | #?????? ???????????????????????????? | | #????? "###??????????????????????????? | | ## ??"" ????????????????????????????? | | ?## " " ?????????????????????????????? | | ??# ### """ "" ?????????????????????????????? | +----------------------------------------------------+ Best States ------------- Heat Dissipation 25 Energy Generation 10 Energy Capacity 250 Matter Stores 300 Matter Capacity 300 Sight Range 16 Terrain Scan Density 10 Propulsion Shielding 33 Evasion (%) 40 Recoil Reduction 2 Item Schematics ----------------- None Robot Schematics ------------------ None Fabricated ------------ Nothing Repaired ---------- Lgt. Treads | 70% | -10/Materials Studied --------- None Alien Tech Used ----------------- None Achievements -------------- None Challenges ------------ None Game ------ Seed AlphaThermicBooster Manual? 0 Play Time 00:20:01 Cumulative 119.4 hours Start 2026.07.04 @ 12:51:42 End 2026.07.04 @ 13:09:09 Sessions 1 Manual Loads 0 Difficulty Rogue Special Mode None Game No. 54 Rogue 53 Adventurer 1 Explorer 0 Win Type - Total 1 Types 1/0/0/0/0/0/0/0/0/0 Lore% 43 Gallery% 41 Achievement% 35 Wizard Run 0 Options --------- Layout 1 ASCII 0 Keyboard 0 Movement Numpad Keybinds 0 Fullscreen 1 Font 24/Smallcaps Map View 50x35 Zoom Use 0% Tactical HUD 1 Map Filters NONE Filters NONE Steam 1 RUN: 4708aba2-fd3b-4bfb-9f6e-352034c36abe